[ AOE2 MATCH · #477326848 ]
Team RMKhmer vs Persians
[ REPLAY ANALYSIS · EXTRACTED FROM THE RECORDED GAME ]
Feudal
15:29
Castle
27:05
Imperial
36:56
| APM avg | 18.9 |
| APM peak | 105 |
| eAPM avg | 15.9 |
| Villagers / military | 81 / 248 |
Focus
⚔️ 21.8% · 🌾 78.2%
Ballista Elephant ×173 · Knight ×60 · Trade Cart ×31 · Archer ×10 · Militia ×2 · Trebuchet (Packed) ×2
Feudal
14:15
Castle
25:03
Imperial
42:28
| APM avg | 18.4 |
| APM peak | 50 |
| eAPM avg | 10.6 |
| Villagers / military | 123 / 397 |
Focus
⚔️ 32.6% · 🌾 67.4%
Spearman ×366 · Bombard Cannon ×26 · Trade Cart ×22 · Mangonel ×5
Feudal
11:43
Castle
25:08
Imperial
34:51
| APM avg | 11.9 |
| APM peak | 26 |
| eAPM avg | 10.1 |
| Villagers / military | 112 / 240 |
Focus
⚔️ 28.4% · 🌾 71.6%
War Elephant ×110 · Knight ×89 · Trade Cart ×45 · Mangonel ×34 · Bombard Cannon ×6 · Monk ×1
Feudal
16:03
Castle
30:07
Imperial
46:20
| APM avg | 13.7 |
| APM peak | 58 |
| eAPM avg | 11.2 |
| Villagers / military | 142 / 250 |
Focus
⚔️ 24.8% · 🌾 75.2%
Ballista Elephant ×145 · Battle Elephant ×93 · Trade Cart ×40 · Scorpion ×11 · Monk ×1
Match map
Initial resources + every placement click. Lines = walls · curves = elevation contours. ◆ gold · ⬟ stone · ● berries · ✦ relic · ◌ wall gap
Your base· ✓ Closed at 27:05 · 40t walls · 3 gate(s)
King Kong's base· ✓ Closed at 25:03 · 40t walls · 1 gate(s)
CAVALLOGOLOSO's base· ✓ Closed at 25:08 · 63t walls · no gate
oro's base· ✓ Closed at 30:07 · 82t walls · no gate
Smoothed initial terrain · ◌ = detected wall gap · hover for details
Inputs per minute
— Kanye Best - - King Kong
Build order — Kanye Best
First 150 of 381 actions detected
| 0:06 | Research | Loom |
| 0:07 | Create | Villager (Male) ×4 |
| 0:09 | Build | House |
| 0:10 | Build | House |
| 0:11 | Build | House |
| 0:11 | Build | House |
| 0:43 | Build | Palisade Wall |
| 2:10 | Build | Palisade Gate |
| 2:27 | Create | Villager (Male) |
| 3:11 | Create | Villager (Male) |
| 3:50 | Create | Villager (Male) |
| 4:16 | Create | Villager (Male) |
| 4:34 | Build | Farm |
| 4:42 | Create | Villager (Male) |
| 5:04 | Create | Villager (Male) |
| 5:15 | Create | Villager (Male) |
| 5:17 | Create | Villager (Male) |
| 5:54 | Create | Villager (Male) |
| 6:17 | Create | Villager (Male) |
| 6:29 | Create | Villager (Male) |
| 6:56 | Create | Villager (Male) |
| 6:56 | Create | Villager (Male) |
| 6:57 | Create | Villager (Male) |
| 8:18 | Build | Barracks |
| 8:44 | Build | House |
| 8:46 | Build | House |
| 8:48 | Build | House |
| 8:49 | Build | House |
| 9:00 | Create | Villager (Male) |
| 9:02 | Create | Villager (Male) |
| 9:07 | Create | Villager (Male) |
| 9:25 | Create | Militia |
| 9:25 | Create | Militia |
| 9:51 | Build | Mill |
| 11:13 | Build | Lumber Camp |
| 11:27 | Create | Villager (Male) |
| 13:05 | Build | Mining Camp |
| 13:19 | Research | Feudal Age |
| 13:48 | Create | Villager (Male) |
| 14:17 | Build | Mill |
| 15:13 | Create | Villager (Male) |
| 15:29 | Age | Feudal Age |
| 15:36 | Build | Archery Range |
| 15:46 | Build | Watch Tower |
| 15:58 | Create | Villager (Male) |
| 16:00 | Create | Villager (Male) |
| 16:04 | Research | Double-Bit Axe |
| 16:23 | Create | Archer |
| 17:01 | Build | Blacksmith |
| 17:12 | Create | Villager (Male) |
| 17:19 | Research | Stone Mining |
| 17:22 | Research | Horse Collar |
| 17:26 | Build | Farm |
| 17:30 | Build | Farm |
| 17:33 | Build | Farm |
| 17:36 | Build | Farm |
| 17:37 | Create | Villager (Male) |
| 17:50 | Create | Archer |
| 18:02 | Create | Villager (Male) |
| 18:09 | Create | Villager (Male) |
| 18:10 | Create | Villager (Male) |
| 18:21 | Build | Market |
| 18:26 | Research | Gold Mining |
| 18:38 | Create | Archer |
| 18:42 | Create | Archer |
| 18:54 | Research | Fletching |
| 19:25 | Create | Archer |
| 19:40 | Build | Stable |
| 20:47 | Create | Villager (Male) |
| 20:49 | Create | Villager (Male) |
| 20:52 | Build | Mining Camp |
| 20:59 | Build | House |
| 21:00 | Build | House |
| 21:01 | Build | House |
| 21:02 | Build | House |
| 21:20 | Build | Watch Tower |
| 21:23 | Create | Archer |
| 21:24 | Create | Archer |
| 21:24 | Create | Archer |
| 21:25 | Create | Archer |
| 21:34 | Create | Villager (Male) |
| 22:04 | Build | Farm |
| 22:07 | Build | Farm |
| 22:10 | Build | Farm |
| 22:18 | Create | Trade Cart |
| 22:18 | Create | Trade Cart |
| 22:47 | Create | Villager (Male) |
| 22:49 | Create | Villager (Male) |
| 22:53 | Build | Farm |
| 22:56 | Build | Farm |
| 23:26 | Build | Farm |
| 23:28 | Create | Villager (Male) |
| 23:41 | Build | Stone Wall |
| 23:44 | Build | Gate |
| 24:13 | Create | Archer |
| 24:19 | Build | Farm |
| 24:21 | Build | Farm |
| 24:25 | Research | Castle Age |
| 25:02 | Build | Farm |
| 25:05 | Build | Farm |
| 25:13 | Create | Villager (Male) |
| 25:32 | Build | Stable |
| 25:40 | Build | Stone Wall |
| 25:44 | Build | Gate |
| 25:56 | Research | Bloodlines |
| 26:02 | Research | Padded Archer Armor |
| 26:38 | Create | Trade Cart |
| 26:39 | Create | Trade Cart |
| 27:05 | Age | Castle Age |
| 27:12 | Research | Caravan |
| 27:16 | Create | Villager (Male) |
| 27:19 | Research | Heavy Plow |
| 27:23 | Research | Bow Saw |
| 27:33 | Build | House |
| 27:35 | Build | House |
| 27:36 | Build | House |
| 27:36 | Build | House |
| 27:50 | Build | University |
| 27:53 | Build | Monastery |
| 27:58 | Create | Villager (Male) |
| 27:58 | Create | Villager (Male) |
| 28:19 | Build | Castle |
| 28:37 | Create | Villager (Male) |
| 28:50 | Build | Town Center |
| 29:00 | Research | Guard Tower (upgrade) |
| 29:31 | Research | Fortified Wall (upgrade) |
| 29:34 | Create | Monk |
| 30:07 | Create | Villager (Male) |
| 30:07 | Create | Villager (Male) |
| 30:08 | Create | Villager (Male) |
| 30:27 | Build | Farm |
| 30:29 | Build | Farm |
| 30:43 | Build | Farm |
| 30:48 | Build | Farm |
| 30:50 | Create | Villager (Male) |
| 30:51 | Create | Villager (Male) |
| 30:58 | Create | Villager (Male) |
| 30:59 | Create | Villager (Male) |
| 31:06 | Build | Mining Camp |
| 31:31 | Build | Farm |
| 31:34 | Build | Farm |
| 31:36 | Create | Villager (Male) |
| 31:38 | Research | Bodkin Arrow |
| 31:47 | Research | Masonry |
| 31:54 | Build | Farm |
| 31:56 | Create | Villager (Male) |
| 32:11 | Build | Lumber Camp |
| 32:17 | Build | Farm |
| 32:20 | Create | Villager (Male) |
| 32:20 | Create | Villager (Male) |
Build order — King Kong
First 150 of 368 actions detected
| 0:02 | Create | Villager (Male) |
| 0:03 | Create | Villager (Male) |
| 0:06 | Build | House |
| 0:07 | Build | House |
| 0:13 | Create | Villager (Male) |
| 0:13 | Create | Villager (Male) |
| 0:53 | Build | Palisade Wall |
| 2:13 | Build | Palisade Wall |
| 2:24 | Build | Palisade Wall |
| 2:44 | Create | Villager (Male) |
| 3:00 | Create | Villager (Male) |
| 3:07 | Create | Villager (Male) |
| 4:07 | Create | Villager (Male) |
| 4:15 | Create | Villager (Male) |
| 4:50 | Build | Mining Camp |
| 5:18 | Create | Villager (Male) |
| 5:55 | Build | House |
| 5:57 | Build | House |
| 6:32 | Create | Villager (Male) |
| 7:44 | Create | Villager (Male) |
| 7:45 | Research | Loom |
| 7:48 | Create | Villager (Male) |
| 8:22 | Create | Villager (Male) |
| 8:22 | Create | Villager (Male) |
| 8:35 | Create | Villager (Male) |
| 9:57 | Create | Villager (Male) |
| 10:13 | Create | Villager (Male) |
| 10:33 | Create | Villager (Male) |
| 10:53 | Build | Mining Camp |
| 10:54 | Create | Villager (Male) |
| 10:55 | Create | Villager (Male) |
| 11:19 | Build | Mill |
| 12:00 | Create | Villager (Male) |
| 12:04 | Research | Feudal Age |
| 13:34 | Create | Villager (Male) |
| 14:15 | Age | Feudal Age |
| 14:18 | Create | Villager (Male) |
| 14:18 | Create | Villager (Male) |
| 14:21 | Create | Villager (Male) |
| 14:21 | Create | Villager (Male) |
| 14:52 | Build | Lumber Camp |
| 14:57 | Create | Villager (Male) |
| 14:58 | Create | Villager (Male) |
| 14:58 | Create | Villager (Male) |
| 15:09 | Build | House |
| 15:10 | Build | House |
| 15:17 | Research | Wheelbarrow |
| 15:35 | Research | Double-Bit Axe |
| 16:36 | Create | Villager (Male) |
| 16:36 | Create | Villager (Male) |
| 16:37 | Create | Villager (Male) |
| 16:37 | Create | Villager (Male) |
| 17:00 | Build | Mill |
| 18:27 | Build | Watch Tower |
| 18:53 | Create | Villager (Male) |
| 19:17 | Research | Horse Collar |
| 19:49 | Build | Stone Wall |
| 19:57 | Create | Villager (Male) |
| 19:57 | Create | Villager (Male) |
| 20:16 | Build | Blacksmith |
| 20:36 | Build | Market |
| 20:37 | Build | Market |
| 20:40 | Build | Market |
| 21:03 | Build | Lumber Camp |
| 21:05 | Create | Villager (Male) |
| 21:05 | Create | Villager (Male) |
| 21:05 | Create | Villager (Male) |
| 21:05 | Create | Villager (Male) |
| 21:20 | Build | Gate |
| 21:56 | Build | Farm |
| 21:59 | Build | Farm |
| 22:17 | Create | Villager (Male) |
| 22:17 | Create | Villager (Male) |
| 22:23 | Research | Castle Age |
| 22:28 | Build | Farm |
| 22:29 | Build | Farm |
| 22:33 | Build | Farm |
| 23:05 | Build | Market |
| 23:21 | Create | Trade Cart |
| 23:21 | Create | Trade Cart |
| 23:22 | Create | Trade Cart |
| 23:30 | Build | House |
| 23:32 | Build | House |
| 24:00 | Research | Fletching |
| 24:19 | Create | Trade Cart |
| 24:20 | Create | Trade Cart |
| 24:24 | Create | Trade Cart |
| 25:03 | Age | Castle Age |
| 25:27 | Build | Town Center |
| 25:28 | Build | Town Center |
| 25:30 | Create | Villager (Male) |
| 25:31 | Create | Villager (Male) |
| 25:31 | Create | Villager (Male) |
| 25:38 | Create | Trade Cart |
| 25:38 | Create | Trade Cart |
| 25:38 | Create | Trade Cart |
| 25:59 | Build | Farm |
| 26:04 | Build | House |
| 26:05 | Build | House |
| 26:06 | Build | House |
| 26:06 | Build | House |
| 26:20 | Research | Town Watch |
| 26:46 | Create | Villager (Male) |
| 26:47 | Create | Villager (Male) |
| 26:47 | Create | Villager (Male) |
| 26:50 | Create | Villager (Male) |
| 27:43 | Build | Mining Camp |
| 27:52 | Build | Farm |
| 27:53 | Build | Farm |
| 27:58 | Create | Villager (Male) |
| 27:58 | Create | Villager (Male) |
| 28:04 | Build | Farm |
| 28:22 | Build | Castle |
| 28:38 | Build | Farm |
| 28:57 | Build | Farm |
| 29:00 | Build | Farm |
| 29:53 | Build | Lumber Camp |
| 30:10 | Build | Barracks |
| 30:13 | Build | Barracks |
| 30:15 | Build | Barracks |
| 30:32 | Research | Bodkin Arrow |
| 30:32 | Research | Padded Archer Armor |
| 30:38 | Create | Villager (Male) |
| 30:38 | Create | Villager (Male) |
| 30:38 | Create | Villager (Male) |
| 30:39 | Create | Villager (Male) |
| 31:01 | Build | Farm |
| 31:02 | Build | Farm |
| 31:17 | Build | Mill |
| 31:23 | Build | Farm |
| 31:24 | Build | Farm |
| 31:25 | Build | Farm |
| 31:32 | Build | Farm |
| 31:34 | Build | Farm |
| 31:41 | Build | Farm |
| 31:45 | Create | Villager (Male) |
| 31:45 | Create | Villager (Male) |
| 31:45 | Create | Villager (Male) |
| 31:46 | Create | Villager (Male) |
| 32:24 | Research | Pikeman (upgrade) |
| 32:28 | Research | Squires |
| 33:04 | Build | Mill |
| 33:06 | Build | Farm |
| 33:08 | Build | Farm |
| 33:08 | Build | Farm |
| 33:12 | Build | Farm |
| 33:20 | Build | Barracks |
| 33:21 | Build | Barracks |
| 33:22 | Build | Barracks |
| 33:39 | Research | Bow Saw |
Build order — CAVALLOGOLOSO
First 150 of 396 actions detected
| 0:01 | Research | Loom |
| 0:01 | Create | Villager (Male) |
| 0:01 | Create | Villager (Male) |
| 0:02 | Create | Villager (Male) |
| 0:02 | Create | Villager (Male) |
| 0:02 | Create | Villager (Male) |
| 0:09 | Build | House |
| 0:13 | Build | House |
| 0:15 | Build | House |
| 1:07 | Build | Palisade Wall |
| 1:31 | Build | Palisade Wall |
| 2:43 | Build | House |
| 2:47 | Create | Villager (Male) |
| 2:50 | Create | Villager (Male) |
| 3:14 | Build | House |
| 3:20 | Create | Villager (Male) |
| 3:20 | Create | Villager (Male) |
| 3:48 | Create | Villager (Male) |
| 3:48 | Create | Villager (Male) |
| 4:05 | Create | Villager (Male) |
| 4:30 | Create | Villager (Male) |
| 4:30 | Create | Villager (Male) |
| 4:41 | Build | Mill |
| 5:24 | Create | Villager (Male) |
| 6:01 | Create | Villager (Male) |
| 6:01 | Create | Villager (Male) |
| 6:02 | Create | Villager (Male) |
| 6:18 | Build | Lumber Camp |
| 6:45 | Create | Villager (Male) |
| 7:14 | Create | Villager (Male) |
| 7:14 | Create | Villager (Male) |
| 7:14 | Create | Villager (Male) |
| 7:15 | Create | Villager (Male) |
| 7:15 | Create | Villager (Male) |
| 9:12 | Build | Mill |
| 9:30 | Build | Mill |
| 9:39 | Research | Feudal Age |
| 10:51 | Create | Villager (Male) |
| 10:52 | Create | Villager (Male) |
| 11:19 | Create | Villager (Male) |
| 11:19 | Create | Villager (Male) |
| 11:20 | Create | Villager (Male) |
| 11:43 | Age | Feudal Age |
| 11:46 | Build | Watch Tower |
| 12:25 | Create | Villager (Male) |
| 12:25 | Create | Villager (Male) |
| 12:25 | Create | Villager (Male) |
| 12:26 | Create | Villager (Male) |
| 12:44 | Build | Stone Wall |
| 12:49 | Build | Stone Wall |
| 13:05 | Build | House |
| 13:06 | Build | House |
| 13:08 | Build | House |
| 13:09 | Build | House |
| 13:11 | Build | House |
| 13:12 | Build | House |
| 13:20 | Build | House |
| 13:28 | Create | Villager (Male) |
| 13:29 | Create | Villager (Male) |
| 13:29 | Create | Villager (Male) |
| 13:29 | Create | Villager (Male) |
| 13:29 | Create | Villager (Male) |
| 13:30 | Create | Villager (Male) |
| 13:30 | Create | Villager (Male) |
| 13:30 | Create | Villager (Male) |
| 14:03 | Build | Stone Wall |
| 14:38 | Create | Villager (Male) |
| 14:39 | Create | Villager (Male) |
| 14:39 | Create | Villager (Male) |
| 14:39 | Create | Villager (Male) |
| 14:39 | Create | Villager (Male) |
| 14:40 | Create | Villager (Male) |
| 14:40 | Create | Villager (Male) |
| 15:02 | Build | Market |
| 15:08 | Build | Blacksmith |
| 15:10 | Create | Villager (Male) |
| 15:10 | Create | Villager (Male) |
| 15:11 | Create | Villager (Male) |
| 15:31 | Build | Mining Camp |
| 15:44 | Build | Mining Camp |
| 15:47 | Create | Villager (Male) |
| 15:47 | Create | Villager (Male) |
| 16:34 | Research | Double-Bit Axe |
| 16:41 | Build | Lumber Camp |
| 16:54 | Build | Lumber Camp |
| 17:48 | Build | Stone Wall |
| 17:53 | Build | Stone Wall |
| 18:49 | Create | Villager (Male) |
| 18:49 | Create | Villager (Male) |
| 18:49 | Create | Villager (Male) |
| 18:50 | Create | Villager (Male) |
| 18:58 | Build | Farm |
| 18:59 | Build | Farm |
| 18:59 | Build | Farm |
| 18:59 | Build | Farm |
| 19:01 | Build | Farm |
| 19:01 | Build | Farm |
| 19:03 | Build | Farm |
| 19:04 | Build | Farm |
| 19:04 | Build | Farm |
| 19:05 | Build | Farm |
| 19:06 | Build | Farm |
| 19:07 | Build | Farm |
| 19:08 | Build | Farm |
| 19:33 | Build | Farm |
| 19:41 | Build | Farm |
| 19:45 | Build | Farm |
| 19:50 | Build | Farm |
| 20:18 | Build | House |
| 20:20 | Build | House |
| 20:23 | Build | House |
| 20:26 | Build | House |
| 21:11 | Build | Farm |
| 21:17 | Build | Farm |
| 21:26 | Research | Castle Age |
| 21:42 | Build | Stone Wall |
| 21:56 | Build | Outpost |
| 21:58 | Build | Outpost |
| 22:00 | Build | Outpost |
| 22:12 | Build | Mining Camp |
| 23:27 | Create | Villager (Male) |
| 23:27 | Create | Villager (Male) |
| 23:27 | Create | Villager (Male) |
| 23:27 | Create | Villager (Male) |
| 23:28 | Create | Villager (Male) |
| 23:28 | Create | Villager (Male) |
| 23:28 | Create | Villager (Male) |
| 23:28 | Create | Villager (Male) |
| 23:29 | Create | Villager (Male) |
| 23:29 | Create | Villager (Male) |
| 23:29 | Create | Villager (Male) |
| 23:29 | Create | Villager (Male) |
| 23:30 | Create | Villager (Male) |
| 23:30 | Create | Villager (Male) |
| 23:40 | Build | Lumber Camp |
| 23:46 | Build | Lumber Camp |
| 24:02 | Build | Barracks |
| 24:13 | Research | Stone Mining |
| 24:13 | Research | Gold Mining |
| 24:16 | Research | Horse Collar |
| 24:28 | Build | House |
| 24:30 | Build | House |
| 24:37 | Build | House |
| 25:08 | Age | Castle Age |
| 25:10 | Build | Siege Workshop |
| 25:14 | Build | Stable |
| 25:16 | Build | Stable |
| 25:19 | Build | Stable |
| 25:21 | Build | Stable |
| 25:23 | Build | Stable |
Build order — oro
First 150 of 365 actions detected
| 0:12 | Build | House |
| 0:14 | Build | House |
| 0:16 | Build | House |
| 0:21 | Build | House |
| 0:29 | Research | Loom |
| 0:29 | Create | Villager (Male) ×4 |
| 1:34 | Build | Palisade Wall |
| 1:49 | Build | Palisade Wall |
| 4:07 | Create | Villager (Male) |
| 4:08 | Create | Villager (Male) |
| 5:04 | Create | Villager (Male) |
| 5:05 | Create | Villager (Male) |
| 5:24 | Create | Villager (Male) |
| 5:59 | Create | Villager (Male) |
| 5:59 | Create | Villager (Male) |
| 6:14 | Create | Villager (Male) |
| 6:14 | Create | Villager (Male) |
| 6:47 | Create | Villager (Male) |
| 6:48 | Create | Villager (Male) |
| 7:09 | Create | Villager (Male) |
| 7:38 | Create | Villager (Male) |
| 7:38 | Create | Villager (Male) |
| 8:03 | Build | Mill |
| 8:18 | Create | Villager (Male) |
| 8:18 | Create | Villager (Male) |
| 8:29 | Create | Villager (Male) |
| 8:29 | Create | Villager (Male) |
| 9:08 | Create | Villager (Male) |
| 9:08 | Create | Villager (Male) |
| 9:26 | Create | Villager (Male) |
| 9:26 | Create | Villager (Male) |
| 10:04 | Build | Lumber Camp |
| 10:43 | Create | Villager (Male) |
| 10:52 | Build | Mining Camp |
| 11:08 | Build | Mining Camp |
| 11:15 | Create | Villager (Male) |
| 11:15 | Create | Villager (Male) |
| 12:15 | Create | Villager (Male) |
| 12:16 | Create | Villager (Male) |
| 12:21 | Create | Villager (Male) |
| 13:53 | Research | Feudal Age |
| 14:20 | Build | Farm |
| 14:37 | Build | Lumber Camp |
| 15:30 | Create | Villager (Male) |
| 15:31 | Create | Villager (Male) |
| 15:40 | Build | House |
| 15:41 | Build | House |
| 15:48 | Build | House |
| 15:49 | Build | House |
| 15:54 | Create | Villager (Male) |
| 16:03 | Age | Feudal Age |
| 16:25 | Build | Stone Wall |
| 16:37 | Build | Stone Wall |
| 16:54 | Create | Villager (Male) |
| 16:56 | Create | Villager (Male) |
| 17:11 | Build | Stone Wall |
| 17:32 | Build | Farm |
| 17:33 | Build | Farm |
| 17:35 | Build | Farm |
| 17:36 | Build | Farm |
| 17:38 | Build | Farm |
| 17:40 | Build | Farm |
| 17:41 | Build | Farm |
| 17:43 | Build | Farm |
| 17:46 | Create | Villager (Male) |
| 17:46 | Create | Villager (Male) |
| 18:14 | Build | Stone Wall |
| 18:27 | Create | Villager (Male) |
| 18:27 | Create | Villager (Male) |
| 18:30 | Create | Villager (Male) |
| 18:54 | Build | Stone Wall |
| 19:10 | Create | Villager (Male) |
| 19:10 | Create | Villager (Male) |
| 19:24 | Build | Stone Wall |
| 19:46 | Build | Mining Camp |
| 19:49 | Create | Villager (Male) |
| 19:50 | Create | Villager (Male) |
| 20:16 | Build | House |
| 20:17 | Build | House |
| 20:18 | Build | House |
| 20:19 | Build | House |
| 20:22 | Build | House |
| 20:23 | Build | House |
| 21:07 | Build | Stone Wall |
| 21:09 | Build | Stone Wall |
| 21:31 | Create | Villager (Male) |
| 21:31 | Create | Villager (Male) |
| 21:39 | Create | Villager (Male) |
| 21:42 | Research | Horse Collar |
| 21:45 | Research | Stone Mining |
| 21:49 | Research | Gold Mining |
| 21:58 | Research | Double-Bit Axe |
| 22:04 | Create | Villager (Male) |
| 22:04 | Create | Villager (Male) |
| 22:06 | Create | Villager (Male) |
| 22:36 | Build | Market |
| 22:40 | Build | Market |
| 22:51 | Create | Villager (Male) |
| 23:26 | Build | Stone Wall |
| 23:43 | Create | Villager (Male) |
| 23:43 | Create | Villager (Male) |
| 23:52 | Build | Mining Camp |
| 23:57 | Build | Mining Camp |
| 23:59 | Build | Mining Camp |
| 24:02 | Build | Mining Camp |
| 24:16 | Build | Mining Camp |
| 24:31 | Create | Villager (Male) |
| 24:31 | Create | Villager (Male) |
| 24:31 | Create | Villager (Male) |
| 25:48 | Create | Villager (Male) |
| 25:48 | Create | Villager (Male) |
| 26:04 | Build | Stone Wall |
| 27:02 | Create | Villager (Male) |
| 27:10 | Build | Farm |
| 27:11 | Build | Farm |
| 27:20 | Research | Castle Age |
| 27:20 | Research | Castle Age |
| 27:35 | Build | Outpost |
| 27:42 | Build | Outpost |
| 27:47 | Build | Outpost |
| 27:51 | Build | Outpost |
| 27:54 | Build | Outpost |
| 27:56 | Build | Outpost |
| 28:11 | Build | Outpost |
| 28:20 | Build | Outpost |
| 28:24 | Build | Outpost |
| 28:26 | Build | Outpost |
| 28:30 | Build | Outpost |
| 28:36 | Build | Outpost |
| 28:39 | Build | Outpost |
| 28:41 | Build | Outpost |
| 28:45 | Build | Outpost |
| 28:48 | Build | Outpost |
| 28:51 | Build | Outpost |
| 28:53 | Build | Outpost |
| 29:07 | Build | Stable |
| 29:09 | Build | Stable |
| 29:11 | Build | Stable |
| 29:13 | Build | Stable |
| 29:15 | Build | Stable |
| 29:19 | Build | Stable |
| 29:38 | Build | Stable |
| 29:40 | Build | Stable |
| 29:42 | Build | Stable |
| 29:50 | Create | Villager (Male) ×5 |
| 30:02 | Build | House |
| 30:03 | Build | House |
| 30:06 | Build | House |
| 30:07 | Build | House |
| 30:07 | Age | Castle Age |
Match timeline
| 0:43 | Kanye Best · wall_segment Palisade Wall x14 |
| 0:53 | King Kong · wall_segment Palisade Wall x8 |
| 1:07 | CAVALLOGOLOSO · wall_segment Palisade Wall x12 |
| 1:31 | CAVALLOGOLOSO · wall_segment Palisade Wall x10 |
| 1:34 | oro · wall_segment Palisade Wall x13 |
| 1:49 | oro · wall_segment Palisade Wall x1 |
| 2:13 | King Kong · wall_segment Palisade Wall x1 |
| 2:24 | King Kong · wall_segment Palisade Wall x14 |
| 8:18 | Kanye Best · first_building Barracks |
| 11:43 | CAVALLOGOLOSO · age_up feudal |
| 12:44 | CAVALLOGOLOSO · wall_segment Stone Wall x4 |
| 12:49 | CAVALLOGOLOSO · wall_segment Stone Wall x4 |
| 14:03 | CAVALLOGOLOSO · wall_segment Stone Wall x5 |
| 14:15 | King Kong · age_up feudal |
| 15:29 | Kanye Best · age_up feudal |
| 15:36 | Kanye Best · first_building Archery Range |
| 16:03 | oro · age_up feudal |
| 16:25 | oro · wall_segment Stone Wall x1 |
| 16:37 | oro · wall_segment Stone Wall x1 |
| 17:11 | oro · wall_segment Stone Wall x1 |
| 17:48 | CAVALLOGOLOSO · wall_segment Stone Wall x11 |
| 17:53 | CAVALLOGOLOSO · wall_segment Stone Wall x10 |
| 18:14 | oro · wall_segment Stone Wall x1 |
| 18:54 | oro · wall_segment Stone Wall x5 |
| 19:24 | oro · wall_segment Stone Wall x12 |
| 19:40 | Kanye Best · first_building Stable |
| 19:49 | King Kong · wall_segment Stone Wall x18 |
| 21:07 | oro · wall_segment Stone Wall x9 |
| 21:09 | oro · wall_segment Stone Wall x10 |
| 21:42 | CAVALLOGOLOSO · wall_segment Stone Wall x9 |
| 23:26 | oro · wall_segment Stone Wall x17 |
| 23:41 | Kanye Best · wall_segment Stone Wall x14 |
| 24:02 | CAVALLOGOLOSO · first_building Barracks |
| 25:03 | King Kong · age_up castle |
| 25:08 | CAVALLOGOLOSO · age_up castle |
| 25:10 | CAVALLOGOLOSO · first_building Siege Workshop |
| 25:14 | CAVALLOGOLOSO · first_building Stable |
| 25:40 | Kanye Best · wall_segment Stone Wall x12 |
| 26:04 | oro · wall_segment Stone Wall x22 |
| 27:05 | Kanye Best · age_up castle |
| 27:29 | CAVALLOGOLOSO · first_building Monastery |
| 27:53 | Kanye Best · first_building Monastery |
| 28:19 | Kanye Best · first_building Castle |
| 28:22 | King Kong · first_building Castle |
| 29:07 | oro · first_building Stable |
| 29:41 | CAVALLOGOLOSO · first_building Castle |
| 30:07 | oro · age_up castle |
| 30:10 | King Kong · first_building Barracks |
| 32:19 | oro · first_building Monastery |
| 33:29 | Kanye Best · first_market_buy 100 food |
| 33:38 | oro · first_building Castle |
| 34:25 | Kanye Best · first_building Siege Workshop |
| 34:51 | CAVALLOGOLOSO · age_up imperial |
| 35:23 | Kanye Best · first_market_sell 100 wood |
| 36:01 | King Kong · wall_segment Stone Wall x10 |
| 36:56 | Kanye Best · age_up imperial |
| 37:33 | oro · first_building Siege Workshop |
| 38:00 | King Kong · first_building Siege Workshop |
| 42:28 | King Kong · age_up imperial |
| 43:06 | King Kong · first_building Archery Range |
| 44:58 | oro · tribute_sent a jugador 1 |
| 44:58 | oro · tribute_sent a jugador 2 |
| 44:58 | oro · tribute_sent a jugador 3 |
| 45:11 | King Kong · wall_segment Stone Wall x12 |
| 46:20 | oro · age_up imperial |
| 48:30 | Kanye Best · wall_segment Stone Wall x8 |
| 50:59 | Kanye Best · wall_segment Stone Wall x9 |
| 52:40 | King Kong · wall_segment Stone Wall x11 |
| 54:23 | Kanye Best · wall_segment Stone Wall x9 |
| 56:08 | CAVALLOGOLOSO · wall_segment Stone Wall x9 |
| 57:24 | Kanye Best · wall_segment Stone Wall x1 |
| 57:26 | Kanye Best · wall_segment Stone Wall x1 |
| 60:46 | Kanye Best · wall_segment Stone Wall x6 |
| 61:00 | Kanye Best · wall_segment Stone Wall x5 |
| 62:15 | CAVALLOGOLOSO · first_market_sell 500 food |
| 64:01 | Kanye Best · wall_segment Stone Wall x9 |
| 64:02 | CAVALLOGOLOSO · tribute_sent a jugador 1 |
| 64:02 | CAVALLOGOLOSO · tribute_sent a jugador 3 |
| 64:02 | CAVALLOGOLOSO · tribute_sent a jugador 4 |
| 64:19 | Kanye Best · wall_segment Stone Wall x9 |
| 64:28 | CAVALLOGOLOSO · first_market_buy 100 stone |
| 64:56 | Kanye Best · wall_segment Stone Wall x4 |
| 67:25 | Kanye Best · resign |
| 68:49 | King Kong · wall_segment Stone Wall x1 |
[ AI ANALYSIS · 1 CREDIT ]
What really happened in this match?
Wolo.gg analyzes every decision: build order, eco, micro, common mistakes by bracket. Personalized analysis on WhatsApp or Discord in 30 seconds.
Civ guide
Khmer
Map guide
Black Forest
Perfil
Kanye Best